 Dungeon Crawl Stone Soup version 0.30-a0-304-gdc4b735fe1 (webtiles) character file.

Game seed: 17308481059259590788

453 Iusername the Covered (level 6, -17/56 HPs)
             Began as a Minotaur Fighter on Oct 20, 2022.
             Was an Initiate of Gozag.
             Demolished by an ogre
             ... wielding a +0 giant spiked club
              (36 damage)
             ... on level 5 of the Dungeon.
             The game lasted 00:05:04 (4508 turns).

Iusername the Covered (Minotaur Fighter)            Turns: 4508, Time: 00:05:04

Health: -17/56     AC:  8    Str: 22    XL:     6   Next: 75%
Magic:  5/5        EV:  9    Int: 11    God:    Gozag
Gold:   457        SH:  5    Dex: 10    Spells: 5/5 levels left

rFire   . . .      SeeInvis .    a - +0 war axe
rCold   . . .      Faith    .    c - +0 buckler
rNeg    . . .      Spirit   .    b - +0 scale mail
rPois   .          Reflect  .    (helmet restricted)
rElec   .          Harm     +    q - scarf {harm}
rCorr   .          Rampage  .    m - +0 pair of gloves
Will    .....                    (no boots)
Stlth   ..........               (no amulet)
HPRegen 0.29/turn                f - +6 ring of intelligence
MPRegen 0.09/turn                (no ring)

@: mighty
A: horns 2, retaliatory headbutt
a: Renounce Religion, Potion Petition, Call Merchant, Bribe Branch


You were on level 5 of the Dungeon.
You worshipped Gozag.
Gozag was aware of your devotion.
You visited 2 branches of the dungeon, and saw 6 of its levels.

You collected 497 gold pieces.
You paid 40 gold pieces to Gozag.

Inventory:

Hand Weapons
 a - a +0 war axe (weapon)
Armour
 b - a +0 scale mail (worn)
 c - a +0 buckler (worn)
 m - a +0 pair of gloves (worn)
 q - a scarf of harm (worn)
Jewellery
 f - a +6 ring of intelligence (left hand)
Wands
 l - a wand of flame (16) (quivered)
 v - a wand of quicksilver (6)
Scrolls
 i - 2 scrolls of fear
 j - a scroll of enchant weapon {unknown}
 p - a scroll of silence {unknown}
 s - a scroll of magic mapping {unknown}
Potions
 d - 3 potions of curing
 e - a potion of ambrosia {unknown}
 g - 2 potions of flight
 h - 2 potions of brilliance
 n - a potion of degeneration
 r - a potion of cancellation {unknown}
 t - a potion of berserk rage {unknown}
 u - a potion of might
 w - a potion of attraction {unknown}


   Skills:
 + Level 5.5 Fighting
 + Level 4.9 Axes
 + Level 5.5 Armour
 + Level 5.5 Shields


You had 5 spell levels left.
You didn't know any spells.
Your spell library contained the following spells:

 Spells                   Type           Power      Damage    Failure   Level
 Kiss of Death            Conj/Necr      0%         2d5       75%         1
 Magic Dart               Conj           0%         1d3       75%         1
 Blink                    Tloc           0%         N/A       86%         2
 Call Imp                 Summ           0%         N/A       86%         2
 Momentum Strike          Conj/Tloc      0%         3d8       86%         2
 Confusing Touch          Hex            0%         N/A       98%         3
 Lesser Beckoning         Tloc           0%         N/A       98%         3
 Mephitic Cloud           Conj/Pois/Air  0%         N/A       98%         3
 Dispel Undead            Necr           0%         3d6       100%        4


Dungeon Overview and Level Annotations

Branches:
Dungeon (5/15)             Temple (1/1) D:4

Altars:
Ashenzari
Cheibriados
Dithmenos
Elyvilon
Gozag
Hepliaklqana
Kikubaaqudgha
Makhleb
Nemelex Xobeh
Ru
Sif Muna
Trog
Vehumet
Wu Jian
Xom
Yredelemnul
Zin
The Shining One

Shops:
D:4 [


Innate Abilities, Weirdness & Mutations

You have a pair of horns on your head.
You reflexively headbutt those who attack you in melee.


Message History

h - 2 potions of brilliance
As you read the scroll of identify, it crumbles to dust.
g - 2 potions of flight
As you read the scroll of identify, it crumbles to dust.
n - a potion of degeneration
As you read the scroll labelled PINUQO PUXKEWN, it crumbles to dust.
The air around you briefly surges with heat, but it dissipates.
It was a scroll of immolation.
There is an escape hatch in the floor here.
You slide downwards.
The hatch slams shut behind you.
Found a stone staircase leading down.
No target in view!
Found a ring mail.
No target in view!
No target in view!
There is a stone staircase leading down here.
You see here a +0 ring mail.
A jelly comes into view.
The jelly quivers.
A jelly is nearby!
No reachable target in view!
A jelly is nearby!
No reachable target in view!
No reachable target in view!
An ogre comes into view. It is wielding a +0 giant spiked club.
Found a runed broad axe.
The ogre shouts!
You hear an angry hiss.
You hear a shout! x2
An ufetubus comes into view.
Found 19 gold pieces.
You feel very mighty all of a sudden.
You slice the ogre!!
The ogre is almost dead.
The ogre hits you with a +0 giant spiked club!!
Ouch! That really hurt!
You closely miss the ogre.
The ogre is almost dead.
The ogre hits you with a +0 giant spiked club!!
Ouch! That really hurt!
You die...
Your body crumbles into a pile of gold.

...5J ..#
##### ..#
.....#.#
#..#.# #...#
###5# #.#
#O# #@# #.#
#. #.# #..
#.# #.## #.#
... ##.# #..
##..# #.###
##..##
#...####..##


You could see an ogre and an ufetubus.

Vanquished Creatures
  4 wights (D:3)
  A hound (D:4)
  An orc wizard (D:4)
  Terence (D:2)
  8 adders
  An ufetubus (D:4)
  A worm (D:2)
  5 dart slugs
  4 orcs (D:4)
  11 ball pythons
  3 bats
  4 endoplasms
  4 giant cockroaches
  9 goblins
  4 hobgoblins
  3 jackals (D:1)
  6 kobolds
  5 quokkas
  3 frilled lizards
  9 rats
87 creatures vanquished.

Notes
Turn   | Place    | Note
-------+----------+-------------------------------------------
     0 | D:1      | Iusername the Minotaur Fighter began the quest for the Orb.
     0 | D:1      | Reached XP level 1. HP: 19/19 MP: 0/0
   121 | D:1      | Found a faded altar of an unknown god.
   132 | D:1      | Reached XP level 2. HP: 27/27 MP: 1/1
   809 | D:2      | Reached XP level 3. HP: 33/33 MP: 2/2
   820 | D:2      | You fall into a shaft and drop 2 floors!
   904 | D:4      | Found Feireluw's Armour Emporium.
  1108 | D:4      | Reached XP level 4. HP: 37/41 MP: 3/3
  1220 | D:4      | Found a staircase to the Ecumenical Temple.
  1242 | Temple   | Entered the Ecumenical Temple
  1334 | Temple   | Became a worshipper of Gozag Ym Sagoz the Greedy
  1436 | D:4      | Reached XP level 5. HP: 42/47 MP: 4/4
  1508 | D:3      | Found a burning altar of Makhleb.
  2000 | D:2      | Noticed Terence
  2007 | D:2      | Killed Terence
  2561 | D:2      | Identified the +1 scale mail of Uskayaw's Delight {rN+
                  | Dex+4}
  2787 | D:3      | Reached skill level 5 in Fighting
  2787 | D:3      | Reached skill level 5 in Armour
  2787 | D:3      | Reached skill level 5 in Shields
  2791 | D:3      | Reached XP level 6. HP: 28/56 MP: 5/5
  4448 | D:5      | Entered Level 5 of the Dungeon
  4508 | D:5      | Demolished by an ogre

Illustrated notes

Levels and vault maps discovered:
D:1:      dpeg_arrival_rhombi, layout_basic, ebering_ecumenical_altar_box
D:2:      layout_basic, chequers_serial_rivers_small_3, uniq_terence
D:3:      layout_basic, bloody_makhleb, serial_rivers,
          chequers_serial_rivers_micro_d, chequers_serial_rivers_large_a,
          chequers_serial_rivers_small_3, chequers_serial_rivers_micro_b,
          chequers_serial_rivers_room_a, minivault_14
D:4:      layout_loops_ring, minmay_temple_entry_offerings, serial_shops, shop,
          guppyfry_early_lair_pool
D:5:      layout_basic, okawaru_ov_weapons_minmay, minmay_checkerbox, uniq_pikel
Temple:   minmay_temple_bridge_d

Skill      XL: |  1  2  3  4  5 |
---------------+----------------+-----
Shields        | 4 5 |  5.5
Fighting       | 4 5 |  5.5
Armour         | 4 5 |  5.5
Axes           | 3 4 |  4.9

Action                   |  1- 3 |  4- 6 || total
-------------------------+-------+-------++-------
Melee: War axe           |    49 |   121 ||   170
       Headbutt          |    10 |    13 ||    23
Evoke: Wand              |       |     5 ||     5
  Use: Potion            |     1 |     4 ||     5
       Scroll            |       |     5 ||     5
Armor: Scale mail        |    25 |    52 ||    77
Dodge: Dodged            |    20 |    41 ||    61
Block: Buckler           |    15 |    24 ||    39

Table legend: (Time is in decaauts)
 A = Elapsed time spent in this place.
 B = Non-inter-level travel time spent in this place.
 C = Inter-level travel time spent in this place.
 D = Time resting spent in this place.
 E = Time spent auto-exploring this place.
 F = Levels seen in this place.
 G = Mean time per level.
                   A        B        C        D        E       F      G
               +--------+--------+--------+--------+--------+-----+--------+
         Total |   4594 |   4404 |    190 |    403 |   3185 |   6 |  765.7 |
       Dungeon |   4432 |   4339 |     93 |    403 |   3126 |   5 |  886.4 |
        Temple |    161 |     64 |     97 |      0 |     59 |   1 |  161.0 |
               +--------+--------+--------+--------+--------+-----+--------+

Top non-repeatable levels by time:
     D:3: 1509 daAuts
     D:2: 1211 daAuts
     D:1: 849 daAuts
     D:4: 802 daAuts
  Temple: 161 daAuts
     D:5: 59 daAuts
